Map: Old Republic LE

Players

Bucek

  • Race: Zerg Zerg
  • League: Master
  • Spawn Location: 7:00

SCIInewby - Winner!

  • Race: Protoss Protoss
  • League: Master
  • Spawn Location: 1:00

VOD

Have the link to the VOD?

Description

Time

  • Played on: Feb. 11, 2026, 3:18 p.m.
  • Length: 12:41
Show
View Real Time Build Order
Export as new Build Order

Bucek Zerg 

Build Orders: Hatch First 

Get SALT Encoding   

  12  0:01  Drone  
  13  0:12  Overlord  
  13  0:21  Drone  
  14  0:31  Drone x2  
  14  0:35  Drone  
  17  0:52  Hatchery  
  17  0:54  Drone  
  17  0:59  Drone  
  17  1:03  Extractor  
  17  1:15  Spawning Pool  
  17  1:17  Drone  
  17  1:20  Drone  
  18  1:29  Drone  
  19  1:40  Overlord  
  19  1:53  Drone  
  20  2:03  Zergling x2  
  20  2:04  Queen  
  20  2:06  Queen  
  25  2:09  Zergling x2  
  25  2:13  Drone  
  27  2:17  Metabolic Boost  
  27  2:31  Drone x3  
  30  2:39  Drone x2  
  32  2:48  Drone  
  33  2:55  Drone x2  
  35  3:06  Drone  
  35  3:07  Overlord, Hatchery  
  35  3:17  Roach Warren  
  35  3:19  Drone  
  35  3:20  Drone  
  36  3:27  Drone  
  36  3:28  Drone x2  
  39  3:40  Queen  
  41  3:42  Drone  
  41  3:43  Drone x2  
  41  3:47  Overlord x3  
  44  4:09  Baneling Nest  
  45  4:10  Roach x7  
  57  4:18  Extractor  
  57  4:22  Drone  
  57  4:23  Drone x3  
  60  4:30  Roach x2  
  64  4:37  Queen  
  66  4:40  Drone x5  
  71  5:02  Roach  
  71  5:03  Overlord  
  71  5:04  Overlord x2  
  73  5:19  Lair  
  73  5:29  Drone x3  
  73  5:30  Extractor  
  73  5:34  Spore Crawler  
  74  5:37  Spore Crawler  
  74  5:39  Roach x8  
  89  5:44  Zergling x4  
  89  5:45  Zergling x14  
  98  6:13  Overlord x3  
  98  6:30  Hydralisk Den, Queen  
  98  6:32  Roach x5  
  117  6:33  Roach x5  
  119  6:41  Evolution Chamber  
  119  6:43  Evolution Chamber  
  119  6:44  Zergling x2  
  119  6:45  Zergling x4  
  120  6:52  Baneling x8  
  120  7:02  Hydralisk  
  120  7:04  Overlord x3  
  120  7:05  Overlord  
  122  7:22  Hydralisk x4  
  130  7:30  Drone  
  130  7:31  Drone x4  
  135  7:47  Drone x2  
  135  7:48  Drone x2  
  139  7:58  Zerg Missile Weapons Level 1  
  139  7:59  Infestation Pit  
  138  8:07  Hydralisk  
  138  8:08  Extractor, Hydralisk x2  
  143  8:18  Grooved Spines  
  143  8:25  Drone x3  
  143  8:26  Drone  
  147  8:31  Extractor  
  147  8:33  Extractor, Hydralisk  
  147  8:34  Hydralisk x2  
  147  8:36  Overlord x2  
  123  9:11  Hatchery  
  119  9:23  Roach x6  
  131  9:48  Zergling x2  
  131  9:49  Zergling x6  
  131  9:51  Spire  
  136  10:07  Roach x2  
  138  10:18  Hatchery  
  137  10:23  Roach x6  
  149  10:28  Drone  
  149  10:30  Drone  
  149  10:31  Drone x2  
  149  10:52  Drone x2  
  149  10:53  Drone x2  
  150  11:07  Spore Crawler  
  146  11:13  Roach x9  
  146  11:14  Roach  
  146  11:15  Roach  
  140  11:39  Roach x8  
  108  12:09  Roach  
  108  12:10  Roach x3  
Show
View Real Time Build Order
Export as new Build Order

SCIInewby Protoss - Winner!

Build Orders: 1 Gate Expand 

Get SALT Encoding   

  12  0:01  Probe  
  13  0:13  Probe  
  14  0:22  Pylon  
  14  0:35  Probe  
  15  0:43  Gateway  
  15  0:48  Probe  
  16  1:00  Probe  
  17  1:15  Nexus  
  17  1:18  Probe  
  18  1:24  Assimilator  
  18  1:30  Zealot  
  20  1:43  Forge  
  20  1:55  Pylon  
  20  2:05  Cybernetics Core  
  20  2:07  Pylon, Probe  
  21  2:15  Probe  
  22  2:26  Probe  
  22  2:29  Probe  
  24  2:38  Probe  
  24  2:39  Photon Cannon  
  25  2:47  Warp Gate, Photon Cannon  
  25  2:52  Probe  
  25  2:53  Probe  
  26  3:01  Probe  
  26  3:02  Probe  
  26  3:03  Protoss Ground Weapons Level 1  
  27  3:09  Probe  
  29  3:28  Probe x2  
  29  3:30  Assimilator  
  29  3:32  Assimilator x2  
  31  3:36  Probe x2  
  33  3:47  Pylon  
  33  3:50  Pylon  
  33  3:58  Gateway  
  33  3:59  Gateway  
  33  4:02  Probe, Gateway  
  34  4:04  Probe  
  35  4:14  Probe  
  35  4:16  Probe  
  37  4:22  Pylon  
  37  4:26  Probe  
  38  4:41  Twilight Council  
  38  4:50  Zealot  
  40  4:53  Zealot  
  40  4:54  Protoss Shields Level 1  
  40  4:55  Zealot, Protoss Air Weapons Level 1  
  44  5:00  Pylon  
  44  5:01  Probe  
  44  5:04  Probe  
  46  5:07  Pylon  
  46  5:13  Zealot  
  48  5:17  Probe  
  48  5:18  Zealot  
  48  5:20  Probe  
  52  5:30  Photon Cannon  
  52  5:33  Charge  
  52  5:37  Probe  
  52  5:40  Probe  
  54  5:48  Photon Cannon  
  54  5:55  Zealot x2  
  58  6:02  Probe x2  
  60  6:14  Probe  
  61  6:18  Dark Shrine  
  61  6:19  Pylon  
  61  6:30  Zealot x2  
  61  6:31  Zealot  
  67  6:39  Pylon  
  67  6:42  Pylon  
  67  6:45  Stargate  
  67  6:46  Assimilator  
  67  6:47  Assimilator  
  67  6:59  Sentry x4  
  75  7:19  Protoss Ground Weapons Level 2  
  75  7:37  Zealot x2  
  75  7:38  Zealot x2  
  83  7:46  Void Ray  
  87  8:03  Stalker x4  
  95  8:18  Probe  
  95  8:19  Probe  
  97  8:25  Nexus  
  101  8:29  Void Ray  
  101  8:31  Probe x2  
  101  8:32  Zealot x3  
  109  8:44  Pylon  
  109  8:47  Pylon  
  109  8:49  Pylon  
  109  8:55  Gateway  
  87  9:06  Gateway  
  69  9:12  Zealot x4  
  67  9:18  Blink  
  67  9:23  Gateway  
  67  9:25  Gateway  
  67  9:26  Gateway  
  71  9:38  Void Ray  
  71  9:42  Probe  
  71  9:43  Probe x2  
  71  9:44  Protoss Ground Armor Level 1  
  74  9:46  Dark Templar  
  74  9:49  Dark Templar  
  78  9:55  Probe  
  79  10:08  Dark Templar  
  79  10:09  Dark Templar  
  79  10:10  Dark Templar x2  
  87  10:29  Zealot x2  
  87  10:30  Zealot x3  
  95  11:20  Zealot x3  
  95  11:21  Zealot  
  95  11:22  Zealot x5  
  81  11:41  Zealot  
  81  11:42  Zealot x2  
  81  11:43  Zealot x4  
  81  11:44  Zealot x2  
  67  12:01  Zealot  
  67  12:02  Zealot x3  
  67  12:03  Zealot  
  67  12:04  Zealot x3  
  67  12:05  Zealot  
  63  12:22  Zealot x3  
  61  12:23  Zealot x2  
  61  12:24  Zealot x2  
  61  12:25  Zealot x2  
  61  12:28  Probe  
  61  12:29  Probe  
  78  12:32  Nexus  
  75  12:41  Nexus  
Tags
 
Add a new tag
Caveats
  • Supply blocks, unpowered buildings, or Contaminate may cause inaccurate times.
  • Supply counts are checked every 10 seconds.